[Event "E Women's Grand Prix | Second Leg 2022/23"]
[Site "Chess.com"]
[Date "2023.02.08"]
[Round "6"]
[White "Kosteniuk, Alexandra"]
[Black "Abdumalik, Zhansaya"]
[Result "1/2-1/2"]
[WhiteElo "2519"]
[BlackElo "2496"]
[ECO "B12"]
[EventDate "2023.??.??"]
[Annotator "rafael"]
[PlyCount "79"]
[Beauty "6120194186791"]
[EventType "swiss"]
[EventRounds "11"]
[EventCountry "FID"]
[TimeControl "5400+30"]

1.e4 c6 2.d4 d5 3.e5 Bf5 4.g4 {An ultra-aggressive option against the Caro-Kann Defense.} 4...Be4 $1 {[%c_effect e4;square;e4;type;GreatFind;persistent;true] The most accurate move, provoking the white pawn to f3.} 5.f3 Bg6 6.h4 ( 6.e6 $1 {[%c_effect e6;square;e6;type;GreatFind;persistent;true] My impression is that this move order is more accurate.} 6...fxe6 7.h4 ) 6...h5 7.e6 {This move is the point of White's opening idea: a pawn sacrifice to create weaknesses around the opponent's king. But now Black is not obliged to accept the gift.} 7...Qd6 $1 ( 7...fxe6 8.Bd3 Bxd3 9.Qxd3 Qd6 {leads to a chaotic position with chances for both sides.} ) 8.exf7+ Kxf7 $6 {[%c_effect f7;square;f7;type;Inaccuracy;persistent;true] Probably Abdumalik was already out of preparation, as the computer doesn't like this move and the capture with the bishop was played almost unanimously before.} ( 8...Bxf7 $1 {[%c_effect f7;square;f7;type;GreatFind;persistent;true] Black has a fine position, for instance:} 9.Be3 hxg4 10.fxg4 Nf6 11.Nc3 Qe6 {Vallejo Pons-So, Tbilisi 2017.} ) 9.g5 $2 ( 9.Qe2 $1 {[%c_effect e2;square;e2;type;GreatFind;persistent;true] This is the best way to fight for the initiative.} 9...hxg4 ( 9...Qg3+ $6 10.Kd1 $1 {[%c_effect d1;square;d1;type;GreatFind;persistent;true] White is not afraid to play the king in the center in this line.} ) ( 9...Nd7 10.Nh3 ) 10.fxg4 Nf6 11.Nf3 {with good attacking chances for White.} ) 9...e5 ( 9...Qg3+ {is also very good.} 10.Kd2 ( 10.Ke2 Nd7 ) 10...e5 $1 {[%c_effect e5;square;e5;type;GreatFind;persistent;true] Playing with a king on d2 is not very pleasant. Black has a clear advantage.} ) 10.Ne2 Ne7 11.Bh3 Bf5 $1 12.Bxf5 Nxf5 {It's clear that the opening was a complete success for Black. Her king, even on f7, is safer than White's, the knight on f5 is very well placed, and her remaining pieces have free development, while White has barely left the first rank. Quite a result for just over 10 moves in the Caro-Kann $1} 13.dxe5 Qxe5 14.Bf4 Qe6 15.Qd2 g6 $6 {[%c_effect g6;square;g6;type;Inaccuracy;persistent;true] It doesn't seem necessary to lose time before developing the bishop.} ( 15...Bc5 16.Nc3 Re8 17.O-O-O Nd7 {with a clear advantage.} ) 16.Nc3 Bg7 17.O-O-O d4 $2 ( 17...Nd7 {is better:} 18.Rhe1 Ne5 ) 18.Ne4 $6 {[%c_effect e4;square;e4;type;Inaccuracy;persistent;true] Missing a golden chance to sacrifice a piece for the initiative. Now it's White's turn to play with better development.} ( 18.Rhe1 $3 Qc4 {Accepting the sacrifice leads to a dangerous position.} ( 18...dxc3 $6 19.Nxc3 Qc4 20.Be5 $1 Na6 ( 20...Rf8 21.Re4 $1 Qc5 22.Bxg7 Kxg7 23.b4 $1 Qb6 24.Na4 {Followed by 25.Nc5 with a strong attack.} ) 21.Qd7+ Kg8 22.Qxb7 {Black is in trouble.} ) 19.Ne4 Qxa2 20.Qb4 {with the same position as in the game, but with White's rook already on e1.} ) 18...Qxa2 19.Qb4 {The game becomes sharp.} 19...b6 20.Nxd4 $1 {[%c_effect d4;square;d4;type;GreatFind;persistent;true] Offering material to open the position.} 20...Na6 {A solid and good reaction.} ( 20...c5 21.Nxc5 $5 ( 21.Qb3+ Qxb3 22.Nxb3 {leads to an equal endgame.} ) 21...bxc5 22.Qb7+ Ne7 23.Rhe1 Re8 24.Bd6 {After the storm comes the calm. The game ends in perpetual check.} 24...Qa1+ 25.Kd2 Qa5+ 26.Kc1 Qa1+ ) ( 20...Nxd4 $6 21.Rxd4 c5 ( 21...Bxd4 $2 {[%c_effect d4;square;d4;type;Mistake;persistent;true] This is just suicide.} 22.Qxd4 {With a decisive attack due to the dark squares.} ) 22.Qa4 Qxa4 23.Rxa4 Nc6 24.Nd6+ Kg8 25.Re1 {With some advantage for White in the endgame.} ) 21.Qb3+ Qxb3 22.Nxb3 {The endgame is roughly equal.} 22...Rad8 23.c3 c5 ( 23...Rxd1+ 24.Rxd1 Ke6 {This is fine for Black.} ) 24.Kc2 ( 24.Nbd2 $5 {[%c_effect d2;square;d2;type;Interesting;persistent;true] is a better attempt to gain an advantage, although the game remains equal after} 24...Nb8 25.Nc4 Rxd1+ 26.Rxd1 Nxh4 27.Ned6+ Ke7 28.Re1+ Kd7 ) 24...Nb8 $1 {[%c_effect b8;square;b8;type;GreatFind;persistent;true] The knight heads to c6.} 25.Nbd2 Nc6 26.Nc4 Rxd1 27.Rxd1 Rd8 28.Ned6+ Nxd6 29.Nxd6+ Ke6 30.Re1+ Kd7 31.Rd1 Ke6 32.Re1+ Kd7 {It seems that everything will end in a draw, but Kosteniuk decides to continue the fight.} 33.Nc4 Rf8 34.Re4 $6 {[%c_effect e4;square;e4;type;Inaccuracy;persistent;true] This creates some problems for White.} ( 34.Rd1+ Ke8 35.Re1+ {with a draw.} ) 34...b5 35.Ne3 Nd8 $1 36.Nd5 Ne6 {Now only Black can play to win.} 37.b3 Rf5 38.c4 b4 39.Kd3 Bc3 $6 ( 39...Rf7 $1 {[%c_effect f7;square;f7;type;GreatFind;persistent;true] This move defends the seventh rank and prepares to take the knight to d4. White would have an arduous task ahead, fighting for a draw.} ) 40.Ke3 {The game is equal again, and the players decided to call it a day.} 1/2-1/2

[Event "E Women's Grand Prix | Second Leg 2022/23"]
[Site "Chess.com"]
[Date "2023.02.09"]
[Round "7"]
[White "Dzagnidze, Nana"]
[Black "Kashlinskaya, Alina"]
[Result "1-0"]
[WhiteElo "2517"]
[BlackElo "2491"]
[ECO "E92"]
[EventDate "2023.??.??"]
[Annotator "rafael"]
[PlyCount "97"]
[Beauty "7081214121993"]
[EventType "swiss"]
[EventRounds "11"]
[EventCountry "FID"]
[TimeControl "5400+30"]

1.d4 Nf6 2.c4 g6 3.Nc3 Bg7 4.e4 d6 5.h3 O-O 6.Be3 e5 7.d5 {This is a typical King Indian pawn structure, and the space advantage is why the computer likes White so much against this defense. A good suggestion for the brave King's Indian players, eternal optimists, is to do their opening analysis with the machine turned off: it's a little depressing to see the computer always giving White the advantage.} 7...Na6 8.Nf3 Nc5 9.Nd2 a5 10.Be2 Bd7 ( 10...Ne8 {GM Amin is a huge KID fan and played this move recently (on my 43th birthday, to be more exact):} 11.g4 f5 12.gxf5 gxf5 13.Rg1 Kh8 {with chances for both sides in Grischuk-Amin, Wch Rapid Almaty 2022.} ) 11.Qc2 {White gets ready to send the king to the queenside.} 11...a4 ( 11...b6 {This was tried in 2022 by a strong GM.} 12.g4 a4 13.a3 c6 $5 14.f3 $6 ( 14.O-O-O $1 ) 14...Rc8 15.O-O h5 {with a good position for Black in Assaubayeva-Demchenko, Novi Sad 2022.} ) 12.a3 Ne8 $6 ( 12...c6 $1 {[%c_effect c6;square;c6;type;GreatFind;persistent;true] This is the right way to get counterplay. If White castles short, then prepare f5.} ) 13.g4 $1 f5 $6 ( 13...Bf6 {This is interesting, with the idea of exchanging the dark-squared bishops with Bg5.} ) 14.exf5 {A new move. The position is already quite bad for Black.} ( 14.gxf5 gxf5 15.O-O-O {also led to an advantage in Goryachkina-Fominykh, Khanty-Mansiysk 2012.} ) 14...gxf5 15.O-O-O {This is a typical advantageous position for White in the King's Indian and one of the reasons why this defense is positionally dangerous. White will sooner or later have the juicy square on e4 available for a knight.} 15...Qh4 16.Rdf1 ( 16.Kb1 {As I always say, you're never too wrong playing Kb1 after a long castle. But White will play this on the next move anyway.} ) 16...Kh8 17.Kb1 Ra6 {Black doesn't have a good plan and probably for that reason she played this creative move.} ( 17...e4 18.f3 $5 {[%c_effect f3;square;f3;type;Interesting;persistent;true] In this line we see how the f1-rook can come into play.} ) 18.g5 $1 {[%c_effect g5;square;g5;type;GreatFind;persistent;true] A good move, cutting the black queen out of the game.} 18...f4 19.Bxc5 Bf5 20.Bd3 Bxd3 21.Qxd3 dxc5 22.Nde4 Ra5 23.Qf3 Nd6 24.Nxd6 cxd6 {For King's Indian players, this position is the perfect description of a nightmare or a horror movie. The white knight is a chess version of Freddy Krueger.} 25.Qg4 ( 25.Ne4 {is also good.} ) 25...Qxg4 26.hxg4 {The endgame is hopeless.} 26...f3 27.Re1 ( 27.Ne4 Ra6 28.g6 {This leads to an immediate win.} 28...Rf4 ( 28...h6 29.g5 ) 29.Re1 Rxg4 30.gxh7 {White will now haunt the f3-pawn, and Black has too many weaknesses.} ) 27...Kg8 28.Rh3 Raa8 29.Kc2 Rf4 30.Re4 Rf7 31.Kd3 {The only possible counterplay is to attack the g5-pawn, but it's difficult to realize this plan.} 31...Bf8 32.Re3 Rf4 ( 32...Be7 33.Rexf3 Rxf3+ 34.Rxf3 Bxg5 35.Ne4 {Black won't resist long.} ) 33.Re4 Rf7 34.Re3 Rf4 35.Ne4 $1 Be7 36.Rexf3 Rxg4 37.Rh6 $2 {[%c_effect h6;square;h6;type;Mistake;persistent;true] This is a serious mistake and shows that chess has so many resources and that it's important to be accurate even in the so-called \"easily winning positions.\"} ( 37.Rf6 $1 {[%c_effect f6;square;f6;type;GreatFind;persistent;true] We can see why this move is better in the following line:} 37...b5 ( 37...Rxe4 38.Kxe4 Bxf6 39.gxf6 {White king will march decisively to f5.} ) 38.cxb5 c4+ 39.Ke3 Rb8 40.Kf3 $1 {[%c_effect f3;square;f3;type;GreatFind;persistent;true] This is the difference. Now White is winning.} 40...Rg1 ( 40...Rxg5 41.Nxg5 Bxf6 42.Ne4 Be7 43.Nc3 $1 ) 41.Re6 ) 37...Ra6 $2 ( 37...b5 $1 {[%c_effect b5;square;b5;type;GreatFind;persistent;true] This is the only possible chance. It seems incredible, but after only one bad move, Black is back in the game, even in such a difficult endgame.} 38.cxb5 c4+ $1 39.Ke3 Rb8 {With adequate counterplay. The computer evaluates the position as equal.} ) 38.Re6 Bxg5 39.Rf5 ( 39.Rg3 $1 {[%c_effect g3;square;g3;type;GreatFind;persistent;true] is the simplest.} 39...Rxg3+ 40.fxg3 {The d6-pawn will fall.} ) 39...h6 40.Nxd6 Rd4+ 41.Kc3 Bd2+ 42.Kc2 Bf4 ( 42...Bg5 {is more stubborn.} ) 43.Nxb7 ( 43.Re8+ $1 Kg7 44.Re7+ Kg8 ( 44...Kg6 45.Re6+ Kg7 46.Rf7+ Kg8 47.Re8# ) 45.Rf6 {with decisive mating threats.} ) 43...Rxc4+ 44.Kb1 Rc1+ 45.Ka2 Rxe6 46.dxe6 Bg5 47.Nd6 Rd1 48.Rxg5+ $1 Kf8 ( 48...hxg5 49.e7 ) 49.Rg8+ ( 49.Rg8+ Ke7 50.Re8+ Kxd6 51.Rd8+ {Black's rook is captured.} ) 1-0

[Event "E Women's Grand Prix | Second Leg 2022/23"]
[Site "Chess.com"]
[Date "2023.02.10"]
[Round "8"]
[White "Kosteniuk, Alexandra"]
[Black "Muzychuk, Anna"]
[Result "1-0"]
[WhiteElo "2519"]
[BlackElo "2522"]
[ECO "B23"]
[EventDate "2023.??.??"]
[Annotator "rafael"]
[PlyCount "115"]
[Beauty "6529155599366"]
[EventType "swiss"]
[EventRounds "11"]
[EventCountry "FID"]
[TimeControl "5400+30"]

1.e4 c5 2.Nc3 Nc6 3.Bb5 {A popular subvariation for those who don't like opening the game against the Sicilian.} 3...Nd4 4.Bc4 ( 4.Nf3 {is also possible.} ) 4...e6 5.Nge2 a6 ( 5...Nf6 {immediately is also popular.} ) 6.a4 Nf6 7.O-O d5 8.exd5 exd5 {It's clear that Black has absolutely no problems in this position.} 9.Ba2 Nxe2+ ( 9...Bg4 {was played by Carlsen before he became the world champion. This seems like ages ago, but he was already over 2800, so it's not such a long time.} 10.f3 ( 10.h3 $1 {[%c_effect h3;square;h3;type;GreatFind;persistent;true] is better.} ) 10...Be6 11.d3 Nc6 {Black was fine in Radjabov-Carlsen, Bazna 2010.} ) ( 9...Bd6 {is also fine.} ) 10.Qxe2+ Be7 11.d3 O-O $6 {[%c_effect g8;square;g8;type;Inaccuracy;persistent;true] This allows White to win a pawn.} ( 11...Be6 12.Bg5 O-O {This transposes to a position we will see later in the analysis.} ) ( 11...Bg4 $1 {[%c_effect g4;square;g4;type;GreatFind;persistent;true] is probably the most accurate.} 12.f3 Be6 13.f4 Qd7 {with a good position.} ) 12.Nxd5 $1 ( 12.Bg5 Be6 13.Qf3 c4 $1 {[%c_effect c4;square;c4;type;GreatFind;persistent;true] with a balanced position.} ( 13...d4 {is also close to equal after} 14.Bxf6 Bxf6 15.Ne4 Bxa2 16.Rxa2 Be7 ) ) 12...Nxd5 13.Bxd5 Qxd5 14.Qxe7 {Black is close to equality thanks to his activity and the opposite-colored bishops. But I'd rather have equality being a pawn up than a pawn down.} 14...Be6 ( 14...Bf5 15.Re1 {was played in Gu-Pogonina, Istanbul 2005.} ) ( 14...c4 $1 {[%c_effect c4;square;c4;type;GreatFind;persistent;true] is the most accurate and was played in Magem Badals-Van der Stricht, France 2005.} ) 15.Qg5 ( 15.b3 $1 {[%c_effect b3;square;b3;type;GreatFind;persistent;true] is a subtle move, avoiding the c5-c4 advance. This is the best chance for an advantage.} ) 15...Qxg5 {Only now does the game take a unique character.} ( 15...c4 16.Qxd5 Bxd5 17.dxc4 Bxc4 18.Rd1 {This is similar to what we will see in the game. Excellent drawing chances, but White is playing risk-free.} ) 16.Bxg5 f6 17.Be3 c4 18.dxc4 Bxc4 19.Rfe1 {The endgame has a great tendency for a draw, but White can press without any risk. That's a pleasant feeling for a chess player—you know you're going to have your opponent defending for hours, and the worst that can happen is to get a draw.} 19...b5 20.a5 $1 {[%c_effect a5;square;a5;type;GreatFind;persistent;true] When you have a material advantage in an endgame, keep the pawns on the board. This is a classic rule that has multiple exceptions, but it's still good to know.} 20...Rfe8 21.Rad1 ( 21.Bc5 $1 {[%c_effect c5;square;c5;type;GreatFind;persistent;true] This prophylactic move is important to avoid the b5-b4 advance.} ) 21...Rad8 22.Rxd8 Rxd8 23.f3 Kf7 {Black will play the endgame very passively, and that will be the problem. In the next few moves, it's possible to try an active plan, playing b4 and then b3 or Rd5.} ( 23...b4 $1 ) 24.Kf2 h5 ( 24...b4 $1 ) 25.h4 Be6 ( 25...b4 $1 ) 26.Rc1 Rc8 27.Ke2 Rc4 $6 ( 27...b4 $1 ) 28.g3 Rc8 29.Bd4 Re8 30.Ke3 Bd5+ 31.Kf2 Be6 ( 31...b4 {Again $1} ) 32.Rg1 Bf5 ( 32...b4 {Once more $1} ) 33.c3 $1 {[%c_effect c3;square;c3;type;GreatFind;persistent;true] Even after this move, Black might consider playing b4, as it's not so bad to lose the pawn as long as the bishop can blockade the queenside pawns.} 33...Bc8 34.Bb6 Re7 35.Be3 Be6 36.g4 hxg4 37.fxg4 Rc7 $6 {[%c_effect c7;square;c7;type;Inaccuracy;persistent;true] Muzychuk keeps waiting, but this strategy costs her the game.} ( 37...b4 $1 {[%c_effect b4;square;b4;type;GreatFind;persistent;true] Again $1} 38.cxb4 ( 38.Bc5 Rd7 39.Bxb4 Rd2+ 40.Kg3 Rxb2 {with some counterplay.} ) 38...Bc4 {with excellent drawing chances.} ) 38.g5 {Now it's getting really dangerous.} 38...Rc4 $2 {[%c_effect c4;square;c4;type;Mistake;persistent;true] The decisive mistake.} ( 38...fxg5 {is necessary with good chances to save the game.} 39.Rxg5 ( 39.hxg5 Kg6 ) 39...g6 ) 39.g6+ $1 {[%c_effect g6;square;g6;type;GreatFind;persistent;true] After this move, the pawn structure on the kingside is annoying for Black, and it's no longer possible to save the game.} 39...Ke7 40.Bd4 Rc8 41.Kg3 ( 41.h5 {is also winning. A nice variation is:} 41...Rh8 42.Bc5+ Kd7 43.Rd1+ Kc7 44.Be3 $1 Rxh5 45.Bf4+ Kc8 ( 45...Kb7 46.Re1 ) 46.Rd6 {The a6-pawn will be captured and White wins.} ) 41...Bd5 42.Re1+ Kd7 43.Rd1 Ke6 44.Be3 ( 44.h5 Rh8 45.Kg4 $18 ) 44...Rc4 45.Bd4 Rc8 46.Kg4 Rh8 47.h5 f5+ 48.Kg5 Rxh5+ {This tactical trick is not enough to save the game.} 49.Kxh5 Bf3+ 50.Kg5 Bxd1 51.b4 Bb3 52.Bxg7 Bc4 53.Bd4 {A key factor in opposite-colored bishop endgames is being able to create passed pawns on both flanks, as is the case here.} 53...f4 {This pawn would be lost anyway.} 54.Kxf4 Bb3 55.Kg5 Bc4 56.Kh6 Kd7 ( 56...Bd3 57.c4 $1 {[%c_effect c4;square;c4;type;GreatFind;persistent;true] This variation illustrates White's strategy of creating passed pawns on both sides of the board.} 57...bxc4 ( 57...Bxc4 58.g7 Kf7 59.Kh7 ) 58.b5 $1 axb5 59.a6 Be4 60.a7 b4 61.g7 Kf7 62.a8=Q $1 Bxa8 63.Kh7 {The pawn promotes.} ) 57.Kg7 Bd3 58.Kf7 1-0